 Dungeon Crawl Stone Soup version 0.24.0-123-gd5b16e6ec5 (webtiles) character file.

Game seed: 9365376434595382150, levelgen mode: deterministic

21609 MoonSent the Blocker (level 12, -1/99 HPs)
             Began as a Gnoll Fighter on Jan 5, 2020.
             Was a Plaything of Xom.
             Killed from afar by a deep elf mage (11 damage)
             ... with a bolt of fire
             ... on level 1 of the Elven Halls.
             The game lasted 02:23:52 (13264 turns).

MoonSent the Blocker (Gnoll Fighter)               Turns: 13264, Time: 02:24:03

Health: -1/99      AC: 22    Str: 23    XL:     12   Next: 91%
Magic:  0/23       EV: 14    Int: 10    God:    Xom [.*....]
Gold:   1132       SH: 12    Dex: 16    Spells: 26/26 levels left

rFire    + . .     SeeInvis +   T - +6 spear (vamp)
rCold    + . .     Gourm    .   c - +0 shield
rNeg     + . .     Faith    .   h - +3 scale mail {rPois}
rPois    +         Spirit   +   (helmet restricted)
rElec    .         Reflect  .   D - scarf {rC+ rF+}
rCorr    .         Harm     .   E - +1 pair of gloves
MR       .....                  (no boots)
Stlth    ++........             a - amulet of guardian spirit
HPRegen  0.26/turn              r - +4 ring of protection
MPRegen  0.18/turn              Q - ring of positive energy

@: no status effects
A: distributed training, fangs 1, horns 2, rugged brown scales 1, thin metallic
scales 1, see invisible, shaggy fur 1, strong nose
a: Renounce Religion


You were on level 1 of the Elven Halls.
You worshipped Xom.
You were a plaything of Xom.
You were not hungry.

You visited 5 branches of the dungeon, and saw 17 of its levels.

You collected 1679 gold pieces.
You spent 511 gold pieces at shops.
You paid 36 gold pieces to Gozag.

Inventory:

Hand Weapons
 m - a +3 quarterstaff of chaos
 q - a +0 whip
 v - a +0 dagger
 A - a +2 flail of holy wrath
 N - a +4 dire flail of freezing
 T - a +6 vampiric spear (weapon)
Missiles
 e - 92 poisoned darts (quivered)
 u - 34 bolts
Armour
 c - a +0 shield (worn)
 h - a +3 scale mail of poison resistance (worn)
 n - a +0 helmet
 D - a scarf of resistance (worn)
 E - a +1 pair of gloves (worn)
 G - a +0 plate armour
 H - the +0 leather armour of the Ancient Emperors {rElec rC- MR+}
   (You found it on level 6 of the Dungeon)

   It makes you vulnerable to cold.
   It insulates you from electricity.
   It affects your resistance to hostile enchantments.
 W - a +0 helmet
 Y - a +0 leather armour
Magical Staves
 I - an uncursed staff of fire {unknown}
 R - an uncursed staff of cold {unknown}
Jewellery
 a - an amulet of guardian spirit (around neck)
 g - a cursed ring of attention {unknown}
 r - a +4 ring of protection (left hand)
 P - an uncursed ring of stealth
 Q - a ring of positive energy (right hand)
Wands
 o - a wand of disintegration (15)
 s - a wand of acid (21)
 x - a wand of polymorph (2)
 O - a wand of scattershot (4)
 S - a wand of iceblast (7)
Scrolls
 j - 3 scrolls of fog
 k - a scroll of identify
 t - 3 scrolls of remove curse
 z - 3 scrolls of teleportation
 C - a scroll of immolation {unknown}
 F - a scroll of summoning {unknown}
 J - 2 scrolls of enchant armour {unknown}
 L - 2 scrolls of fear {unknown}
 M - 2 scrolls of noise {unknown}
 U - 3 scrolls of vulnerability
 X - a scroll of torment {unknown}
Potions
 b - a potion of resistance {unknown}
 d - 2 potions of cancellation {unknown}
 f - 2 potions of agility
 l - 2 potions of brilliance
 p - 4 potions of curing
 B - a potion of haste {unknown}
 K - a potion of lignification {unknown}
Comestibles
 w - 13 rations


   Skills:
 + Level 10.0 Fighting
 + Level 7.6 Short Blades
 + Level 7.6 Long Blades
 + Level 7.6 Axes
 + Level 9.0 Maces & Flails
 + Level 7.6 Polearms
 + Level 7.6 Staves
 + Level 7.6 Slings
 + Level 7.6 Bows
 + Level 7.6 Crossbows
 + Level 7.6 Throwing
 + Level 10.0 Armour
 + Level 7.6 Dodging
 + Level 7.6 Stealth
 + Level 10.0 Shields
 + Level 7.6 Unarmed Combat
 + Level 7.6 Spellcasting
 + Level 6.3 Conjurations
 + Level 6.3 Hexes
 + Level 6.3 Charms
 + Level 6.3 Summonings
 + Level 6.3 Necromancy
 + Level 6.3 Translocations
 + Level 6.3 Transmutations
 + Level 6.3 Fire Magic
 + Level 6.3 Ice Magic
 + Level 6.3 Air Magic
 + Level 6.3 Earth Magic
 + Level 6.3 Poison Magic
   Level 8.3 Invocations
 + Level 7.6 Evocations


You had 26 spell levels left.
You didn't know any spells.
Your spell library contained the following spells:

 Spells                   Type           Power        Failure   Level  Hunger
 Corona                   Hex            ###....      5%          1    None
 Ensorcelled Hibernation  Hex/Ice        ###...       9%          2    ##.....
 Confuse                  Hex            ###.....     16%         3    ###....
 Dazzling Spray           Conj/Hex       ###...       16%         3    ###....
 Tukima's Dance           Hex            ###.....     16%         3    ###....


Dungeon Overview and Level Annotations

Branches:
Dungeon (11/15)            Temple (1/1) D:4            Lair (2/6) D:10
    Orc (2/2) D:11            Elf (1/3) Orc:2
  Swamp: Lair:2-4    Shoals: Lair:2-4     Snake: Lair:2-4    Spider: Lair:2-4

Altars:
Ashenzari
Cheibriados
Elyvilon
Fedhas
Gozag
Hepliaklqana
Kikubaaqudgha
Okawaru
Qazlal
Ru
Sif Muna
Trog
Uskayaw
Wu Jian
Xom
Yredelemnul
Zin
The Shining One
Beogh

Shops:
D:4 }   D:6 *   Orc:2 (=[*


Innate Abilities, Weirdness & Mutations

Your experience applies equally to all skills.
You have very sharp teeth.
Your uncanny sense of smell can sniff out nearby items.
You have a pair of horns on your head.
You are partially covered in rugged brown scales. (AC +1, +3% HP)
You are partially covered in thin metallic scales. (AC +2)
You have supernaturally acute eyesight. (SInv)
You are covered in fur. (AC +1)


Message History

The deep elf mage hits you with a +0 rapier.
* * * LOW HITPOINT WARNING * * *
You block the fire elemental's attack. You block the fire elemental's attack.
The deep elf mage mumbles some strange words.
The deep elf mage blinks!
The fire elemental hits you. The fire elemental burns you! You resist.
* * * LOW HITPOINT WARNING * * *
The deep elf mage gestures wildly while chanting.
The deep elf mage blinks!
The deep elf mage mumbles some strange words.
The deep elf mage closely misses you.
The deep elf mage casts a spell.
The deep elf mage blinks!
The deep elf mage gestures at you while chanting.
The bolt of fire hits you!! You resist.
* * * LOW HITPOINT WARNING * * *
The bolt of fire hits you! You resist.
You die...
Xom guffaws!

.................#
................##
.........#.....##
##.......##...######
###.######........#
.# #..#..##.#
#..##'#####
#..###....#
#...##@.§.#
....#Eee.##
....##eE.##
##..#.)..# #....#
#..§E.# +.....§.
##..§##.. ##.. #..


You could see 2 earth elementals, 3 deep elf magi and a fire elemental.

Vanquished Creatures
  Snorg (Orc:2)
  A hydra (D:8)
  2 two-headed ogres
  3 orc high priests (Orc:2)
  An unseen horror (D:10)
  Pikel (D:8)
  An orc sorcerer (Orc:1)
  A deep elf mage (Elf:1)
  An oklob plant (Lair:1)
  A cyclops (D:11)
  A spiny frog (Lair:1)
  A centaur skeleton (D:10)
  A troll (Orc:1)
  2 blink frogs (Lair:1)
  2 dream sheep (D:8)
  2 hippogriffs
  Sigmund (D:3)
  A wyvern (shapeshifter) (D:7)
  A water elemental (Elf:1)
  5 yaks
  A basilisk (Lair:1)
  2 hungry ghosts (D:11)
  Edmund (D:5)
  10 wargs
  3 porcupines
  3 sky beasts
  11 orc warriors
  4 ice beasts
  4 slaves (D:8)
  A black bear (D:7)
  A necrophage (D:10)
  6 ogres
  A phantom (D:6)
  3 centaurs
  3 wolves (D:11)
  5 big kobolds
  7 bullfrogs
  2 gnoll sergeants
  A water moccasin zombie (D:8)
  A wyvern skeleton (D:10)
  3 scorpions
  11 wights
  9 killer bees
  An electric eel (Lair:1)
  A bullfrog zombie (D:9)
  3 howler monkeys
  4 crimson imps
  5 quasits
  2 hounds
  2 bullfrog skeletons
  2 jellies
  26 orc priests
  An iron imp (D:8)
  7 iguanas
  11 orc wizards
  7 worker ants
  2 hound zombies
  2 worker ant zombies
  10 adders
  21 gnolls
  A river rat (D:9)
  2 oozes
  2 adder zombies
  An adder skeleton (D:9)
  6 worms
  2 dart slugs (D:1)
  8 leopard geckos
  64 orcs
  2 ball pythons (D:2)
  4 giant cockroaches
  8 goblins
  9 hobgoblins
  15 jackals
  3 quokkas
  7 bats
  10 frilled lizards
  A jackal zombie (D:6)
  22 kobolds
  A leopard gecko skeleton (D:4)
  A leopard gecko zombie (D:5)
  3 quokka skeletons
  8 rats
  2 bushes (D:1)
  2 plants
414 creatures vanquished.

Vanquished Creatures (collateral kills)
  A shambling mangrove (Lair:1)
  Urug (D:10)
  3 orc high priests (Orc:2)
  A troll (Orc:2)
  5 yaks (D:10)
  A warg (Orc:2)
  A necrophage (D:10)
  An ogre (D:10)
  5 orc priests (Orc:2)
19 creatures vanquished.

Vanquished Creatures (others)
  A howler monkey (D:7)
  4 orc priests (Orc:2)
  3 fungi (Lair:1)
  5 plants
13 creatures vanquished.

Grand Total: 446 creatures vanquished

Notes
Turn   | Place    | Note
-------+----------+-------------------------------------------
     0 | D:1      | MoonSent the Gnoll Fighter began the quest for the Orb.
     0 | D:1      | Reached XP level 1. HP: 23/23 MP: 1/1
    68 | D:1      | Reached XP level 2. HP: 25/29 MP: 2/2
   450 | D:1      | Reached XP level 3. HP: 35/35 MP: 3/3
  1072 | D:1      | Reached skill level 1 in Invocations
  1412 | D:2      | Reached skill level 1 in Short Blades
  1412 | D:2      | Reached skill level 1 in Long Blades
  1412 | D:2      | Reached skill level 1 in Axes
  1412 | D:2      | Reached skill level 1 in Polearms
  1412 | D:2      | Reached skill level 1 in Staves
  1412 | D:2      | Reached skill level 1 in Slings
  1412 | D:2      | Reached skill level 1 in Bows
  1412 | D:2      | Reached skill level 1 in Crossbows
  1412 | D:2      | Reached skill level 1 in Throwing
  1412 | D:2      | Reached skill level 1 in Dodging
  1412 | D:2      | Reached skill level 1 in Stealth
  1412 | D:2      | Reached skill level 1 in Unarmed Combat
  1412 | D:2      | Reached skill level 1 in Spellcasting
  1412 | D:2      | Reached skill level 1 in Evocations
  1535 | D:2      | Reached XP level 4. HP: 41/41 MP: 5/5
  1773 | D:2      | Reached skill level 1 in Conjurations
  1773 | D:2      | Reached skill level 1 in Hexes
  1773 | D:2      | Reached skill level 1 in Charms
  1773 | D:2      | Reached skill level 1 in Summonings
  1773 | D:2      | Reached skill level 1 in Necromancy
  1773 | D:2      | Reached skill level 1 in Translocations
  1773 | D:2      | Reached skill level 1 in Transmutations
  1773 | D:2      | Reached skill level 1 in Fire Magic
  1773 | D:2      | Reached skill level 1 in Ice Magic
  1773 | D:2      | Reached skill level 1 in Air Magic
  1773 | D:2      | Reached skill level 1 in Earth Magic
  1773 | D:2      | Reached skill level 1 in Poison Magic
  1835 | D:2      | Found a basalt altar of Yredelemnul.
  2157 | D:2      | Reached XP level 5. HP: 37/47 MP: 6/6
  2271 | D:3      | Found an opulent altar of Gozag.
  2298 | D:3      | Became a worshipper of Gozag Ym Sagoz the Greedy
  2329 | D:3      | Noticed Sigmund
  2396 | D:3      | Found a hazy altar of Hepliaklqana.
  2396 | D:3      | Found a hide-covered altar of Uskayaw.
  2416 | D:3      | Killed Sigmund
  2416 | D:3      | Reached skill level 5 in Maces & Flails
  2416 | D:3      | Reached XP level 6. HP: 15/53 MP: 7/9
  2430 | D:3      | Found a snail-covered altar of Cheibriados.
  2430 | D:3      | Found a shattered altar of Ashenzari.
  2679 | D:3      | Found a blossoming altar of Fedhas.
  2859 | D:3      | Reached XP level 7. HP: 45/59 MP: 10/10
  3584 | D:4      | Found Bawon's Gadget Emporium.
  3595 | D:4      | Bought a wand of disintegration (13) for 170 gold pieces
  3595 | D:4      | Bought a box of beasts for 200 gold pieces
  4022 | D:4      | Found a staircase to the Ecumenical Temple.
  4043 | Temple   | Entered the Ecumenical Temple
  4057 | Temple   | Fell from the grace of Gozag
  4057 | Temple   | Became a worshipper of Xom of Chaos
  4205 | D:5      | Entered Level 5 of the Dungeon
  4232 | D:5      | Found a shimmering blue altar of Sif Muna.
  4384 | D:5      | Reached XP level 8. HP: 65/67 MP: 12/12
  4433 | D:5      | XOM: potion effect (might)
  4521 | D:5      | Noticed Edmund
  4533 | D:5      | Killed Edmund
  4607 | D:5      | XOM: harmless Conj miscast
  4608 | D:5      | XOM: potion effect (haste)
  5098 | D:6      | XOM: god gift: fan of gales
  5189 | D:6      | Was forgiven by Gozag
  5204 | D:6      | Reached XP level 9. HP: 71/72 MP: 12/14
  5293 | D:6      | Got a faintly glowing leather armour
  5304 | D:6      | Identified the cursed +0 leather armour of the Ancient
                  | Emperors {rElec rC- MR+} (You found it on level 6 of the
                  | Dungeon)
  5326 | D:6      | Found Qompo's Assorted Antiques.
  5336 | D:6      | Bought a fizzy brown potion for 22 gold pieces
  5336 | D:6      | Bought a scroll of identify for 50 gold pieces
  5336 | D:6      | Bought a cyan potion for 22 gold pieces
  5336 | D:6      | Bought a scroll labeled LONONE XAMIU for 25 gold pieces
  5336 | D:6      | Bought a sedimented black potion for 22 gold pieces
  5429 | D:6      | XOM: cloud trail
  5525 | D:6      | XOM: polymorph crimson imp -> quasit
  5647 | D:6      | XOM: scenery: create altars
  6126 | D:7      | XOM: divine lightning
  6172 | D:7      | XOM: give mutations
  6172 | D:7      | Gained mutation: You have supernaturally acute eyesight.
                  | (SInv) [Xom's grace]
  6172 | D:7      | Gained mutation: You passively map a small area around you.
                  | [Xom's grace]
  6172 | D:7      | Gained mutation: You have a pair of small horns on your
                  | head. [Xom's grace]
  6172 | D:7      | Gained mutation: You have sharp toenails. [Xom's grace]
  6420 | D:7      | XOM: confuse monster(s)
  6422 | D:7      | XOM: fog
  6688 | D:7      | Found a runed translucent door.
  6689 | D:7      | Noticed Crazy Yiuf
  6694 | D:7      | Crazy Yiuf changed into Crazy Yiuf the shapeshifter
  6694 | D:7      | XOM: polymorph Crazy Yiuf -> Crazy Yiuf the shapeshifter
  6698 | D:7      | Reached skill level 5 in Invocations
  6737 | D:8      | XOM: summons friendly ufetubus
  6818 | D:8      | Reached XP level 10. HP: 72/80 MP: 15/17
  6834 | D:8      | XOM: enchant monster (good)
  6848 | D:8      | Noticed Pikel
  6860 | D:8      | Killed Pikel
  6875 | D:8      | Reached skill level 5 in Short Blades
  6875 | D:8      | Reached skill level 5 in Long Blades
  6875 | D:8      | Reached skill level 5 in Axes
  6875 | D:8      | Reached skill level 5 in Polearms
  6875 | D:8      | Reached skill level 5 in Staves
  6875 | D:8      | Reached skill level 5 in Slings
  6875 | D:8      | Reached skill level 5 in Bows
  6875 | D:8      | Reached skill level 5 in Crossbows
  6875 | D:8      | Reached skill level 5 in Throwing
  6875 | D:8      | Reached skill level 5 in Dodging
  6875 | D:8      | Reached skill level 5 in Stealth
  6875 | D:8      | Reached skill level 5 in Unarmed Combat
  6875 | D:8      | Reached skill level 5 in Spellcasting
  6875 | D:8      | Reached skill level 5 in Evocations
  6875 | D:8      | XOM: summons friendly quasit
  7139 | D:8      | Noticed a three-headed hydra
  7147 | D:8      | Killed a three-headed hydra
  7287 | D:8      | XOM: scenery: create altars
  7304 | D:8      | Noticed a two-headed ogre
  7313 | D:8      | Killed a two-headed ogre
  7371 | D:8      | XOM: polymorph crimson imp -> iron imp
  7415 | D:9      | XOM: polymorph leopard gecko -> river rat
  7491 | D:9      | Reached XP level 11. HP: 80/87 MP: 16/19
  7664 | D:9      | XOM: god gift: fluorescent wand {god gift}
  7962 | D:9      | XOM: scenery: 2 doors open, 1 doors close
  8073 | D:10     | Entered Level 10 of the Dungeon
  8200 | D:10     | Found a staircase to the Lair.
  8203 | D:10     | XOM: swap monsters
  8212 | D:10     | XOM: polymorph orc warrior -> ooze
  8217 | Lair:1   | Entered Level 1 of the Lair of Beasts
  8494 | Lair:1   | XOM: scenery: 1 doors close
  8508 | Lair:1   | XOM: harmless Chrm miscast
  8516 | Lair:1   | XOM: 1-stop teleportation journey
  8593 | Lair:1   | XOM: swap monsters
  8594 | Lair:1   | XOM: enchant monster (bad)
  8606 | Lair:1   | Reached skill level 5 in Conjurations
  8606 | Lair:1   | Reached skill level 5 in Hexes
  8606 | Lair:1   | Reached skill level 5 in Charms
  8606 | Lair:1   | Reached skill level 5 in Summonings
  8606 | Lair:1   | Reached skill level 5 in Necromancy
  8606 | Lair:1   | Reached skill level 5 in Translocations
  8606 | Lair:1   | Reached skill level 5 in Transmutations
  8606 | Lair:1   | Reached skill level 5 in Fire Magic
  8606 | Lair:1   | Reached skill level 5 in Ice Magic
  8606 | Lair:1   | Reached skill level 5 in Air Magic
  8606 | Lair:1   | Reached skill level 5 in Earth Magic
  8606 | Lair:1   | Reached skill level 5 in Poison Magic
  8613 | Lair:1   | XOM: polymorph blink frog -> basilisk
  8615 | Lair:1   | XOM: 1-stop teleportation journey
  8897 | Lair:1   | Noticed an oklob plant
  8900 | Lair:1   | Noticed an oklob plant
  8909 | Lair:1   | XOM: enchant monster (good)
  8910 | Lair:1   | XOM: cast spell 'Chain of Chaos'
  8926 | Lair:1   | XOM: summons friendly iron imp
  8934 | Lair:1   | XOM: divination: detect creatures
  8937 | Lair:1   | XOM: enchant monster (good)
  9082 | Lair:1   | XOM: 1-stop teleportation journey
  9220 | Lair:1   | XOM: destruction
  9246 | Lair:1   | Noticed a shambling mangrove
  9246 | Lair:1   | an oklob plant changed into a shambling mangrove
  9246 | Lair:1   | XOM: polymorph oklob plant -> shambling mangrove
  9307 | Lair:1   | XOM: 9-stop teleportation journey
  9467 | Lair:1   | XOM: summons 2 friendly demons
  9470 | Lair:1   | XOM: summons 11 friendly demons
  9490 | Lair:1   | XOM: smoke on damage
  9498 | Lair:1   | Killed a shambling mangrove
  9665 | Lair:1   | Killed an oklob plant
  9676 | Lair:1   | Lost mutation: You have a pair of small horns on your head.
                  | [potion of mutation]
  9676 | Lair:1   | Gained mutation: Armour fits poorly on your strangely
                  | shaped body. [potion of mutation]
  9676 | Lair:1   | Gained mutation: You do not regenerate when monsters are
                  | visible. [potion of mutation]
  9676 | Lair:1   | Gained mutation: You are frail. (-10% HP) [potion of
                  | mutation]
  9676 | Lair:1   | Gained mutation: Your spells are a little harder to cast,
                  | but a little more powerful. [potion of mutation]
  9682 | Lair:1   | Lost mutation: Your spells are a little harder to cast, but
                  | a little more powerful. [potion of mutation]
  9682 | Lair:1   | Lost mutation: You do not regenerate when monsters are
                  | visible. [potion of mutation]
  9682 | Lair:1   | Lost mutation: You are frail. (-10% HP) [potion of
                  | mutation]
  9682 | Lair:1   | Lost mutation: You have sharp toenails. [potion of
                  | mutation]
  9682 | Lair:1   | Gained mutation: You are weak. (Str -2) [potion of
                  | mutation]
  9682 | Lair:1   | Gained mutation: You are agile. (Dex +2) [potion of
                  | mutation]
  9682 | Lair:1   | Gained mutation: You are covered in fur. (AC +1) [potion of
                  | mutation]
  9683 | Lair:1   | Lost mutation: Armour fits poorly on your strangely shaped
                  | body. [potion of mutation]
  9683 | Lair:1   | Lost mutation: You are agile. (Dex +2) [potion of mutation]
  9683 | Lair:1   | Lost mutation: You are weak. (Str -2) [potion of mutation]
  9683 | Lair:1   | Gained mutation: Armour fits poorly on your strangely
                  | shaped body. [potion of mutation]
  9683 | Lair:1   | Gained mutation: You have a pair of small horns on your
                  | head. [potion of mutation]
  9683 | Lair:1   | Gained mutation: You are dopey. (Int -2) [potion of
                  | mutation]
  9683 | Lair:1   | Gained mutation: You are robust. (+10% HP) [potion of
                  | mutation]
  9906 | D:10     | Noticed an unseen horror
  9907 | D:10     | Noticed Urug
  9916 | D:10     | Killed Urug
  9922 | D:10     | Killed an unseen horror
  9996 | D:10     | XOM: give mutations
  9996 | D:10     | Gained mutation: You are partially covered in rugged brown
                  | scales. (AC +1, +3% HP) [Xom's grace]
  9996 | D:10     | Gained mutation: You have a pair of horns on your head.
                  | [Xom's grace]
 10071 | D:10     | XOM: god gift: scroll of teleportation
 10262 | D:10     | Lost mutation: You are robust. (+10% HP) [potion of
                  | mutation]
 10262 | D:10     | Lost mutation: Armour fits poorly on your strangely shaped
                  | body. [potion of mutation]
 10262 | D:10     | Lost mutation: You are dopey. (Int -2) [potion of mutation]
 10262 | D:10     | Gained mutation: You are dopey. (Int -2) [potion of
                  | mutation]
 10262 | D:10     | Gained mutation: You possess an exceptional clarity of
                  | mind. [potion of mutation]
 10263 | D:10     | Lost mutation: You passively map a small area around you.
                  | [potion of mutation]
 10263 | D:10     | Lost mutation: You are dopey. (Int -2) [potion of mutation]
 10263 | D:10     | Lost mutation: You possess an exceptional clarity of mind.
                  | [potion of mutation]
 10263 | D:10     | Gained mutation: You are partially covered in thin metallic
                  | scales. (AC +2) [potion of mutation]
 10463 | D:10     | XOM: confuse monster(s)
 11037 | D:11     | Noticed a cyclops
 11043 | D:11     | Killed a cyclops
 11043 | D:11     | Reached XP level 12. HP: 98/98 MP: 22/22
 11155 | D:11     | Found a staircase to the Orcish Mines.
 11258 | D:11     | Noticed Grum
 11266 | D:11     | Noticed Grum
 11266 | D:11     | Grum changed into Grum the killer bee
 11266 | D:11     | XOM: polymorph Grum -> Grum the killer bee
 11270 | D:11     | Killed Grum the killer bee
 11353 | D:11     | XOM: god gift: potion of curing
 11468 | Orc:1    | Entered Level 1 of the Orcish Mines
 11506 | Orc:1    | XOM: fake destruction
 11877 | Orc:1    | XOM: harmless Summ miscast
 11934 | Orc:2    | Entered Level 2 of the Orcish Mines
 11949 | Orc:2    | XOM: harmless Summ miscast
 11980 | Orc:2    | XOM: divination: detect items
 11981 | Orc:2    | XOM: potion effect (brilliance)
 11982 | Orc:2    | XOM: cleaving
 11983 | Orc:2    | Noticed an orc high priest
 11987 | Orc:2    | XOM: smoke on damage
 11988 | Orc:2    | Noticed an orc high priest
 11991 | Orc:2    | Noticed a soul eater
 11992 | Orc:2    | XOM: enchant monster (good)
 11993 | Orc:2    | Noticed a sun demon
 12021 | Orc:2    | Killed an orc high priest
 12024 | Orc:2    | XOM: summons friendly quasit
 12027 | Orc:2    | Noticed an orc high priest
 12029 | Orc:2    | Killed an orc high priest
 12033 | Orc:2    | Noticed an orc high priest
 12040 | Orc:2    | Killed an orc high priest
 12043 | Orc:2    | Killed an orc high priest
 12058 | Orc:2    | Noticed a two-headed ogre
 12070 | Orc:2    | Killed a two-headed ogre
 12153 | Orc:2    | Found Opnygut's Jewellery Shoppe.
 12153 | Orc:2    | Found Eritiow's Weapon Shop.
 12215 | Orc:2    | Found a roughly hewn altar of Beogh.
 12249 | Orc:2    | Noticed an orc high priest
 12249 | Orc:2    | Noticed an orc high priest
 12250 | Orc:2    | Found Neajijicw's General Store.
 12250 | Orc:2    | Found Uneis's Armour Shop.
 12260 | Orc:2    | Noticed a soul eater
 12266 | Orc:2    | XOM: medium Air miscast
 12275 | Orc:2    | XOM: summons 5 friendly demons
 12277 | Orc:2    | Killed an orc high priest
 12279 | Orc:2    | Noticed Snorg
 12342 | Orc:2    | XOM: noise
 12358 | Orc:2    | Killed Snorg
 12358 | Orc:2    | Reached skill level 10 in Fighting
 12358 | Orc:2    | Reached skill level 10 in Armour
 12358 | Orc:2    | Reached skill level 10 in Shields
 12375 | Orc:2    | XOM: summons 2 friendly demons
 12384 | Orc:2    | XOM: enchant monster (good)
 12387 | Orc:2    | XOM: cast spell 'Summon Dragon'
 12396 | Orc:2    | Killed an orc high priest
 12419 | Orc:2    | Found a roughly hewn altar of Beogh.
 12837 | Orc:2    | XOM: harmless Chrm miscast
 13045 | Orc:2    | Found a staircase to the Elven Halls.
 13179 | Elf:1    | Entered Level 1 of the Elven Halls
 13234 | Elf:1    | XOM: mild Necr miscast
 13264 | Elf:1    | Killed from afar by a deep elf mage

Levels and vault maps discovered:
D:1:      dpeg_arrival_windows_large_door, layout_basic, minmay_hedge_maze,
          kennysheep_small_spiral
D:2:      layout_loops_ring, marbit_many_paths
D:3:      layout_loops_cross, old_standard_altar, grunt_temple_overflow_open,
          uniq_sigmund
D:4:      layout_loops_cross, minmay_temple_entry_grid, serial_shops, shop
D:5:      layout_gridville, overflow_temple_1_default, first_ration, uniq_edmund
D:6:      lemuel_upstairs_altar, layout_basic, serial_shops, shop
D:7:      layout_loops_ring, serial_rivers, chequers_serial_rivers_marsh,
          chequers_serial_rivers_large_b, chequers_serial_rivers_room_a,
          chequers_serial_rivers_micro_d, chequers_serial_rivers_micro_d,
          uniq_crazy_yiuf_cottage
D:8:      layout_cave_pools, hangedman_ranch [blue_anna_fruit_fields],
          uniq_pikel
D:9:      layout_loops_corners
D:10:     layout_gridville, grunt_lair_entry_orc_guard_hut, nrook_mini_vaults,
          uniq_urug
D:11:     layout_basic, david_orc_3, hangedman_decor_peaks_small, uniq_grum
Temple:   eino_temple_lava
Lair:1:   layout_roguey, infiniplex_staircase_pool, minmay_lair_oklob_chamber,
          lemuel_fruit_tree, grunt_megastairs_4
Lair:2:   layout_big_grid
Orc:1:    layout_diamond_mine, nicolae_volcano_entry_two_sided, uniq_gastronok
Orc:2:    st_orc_town, layout_caves, david_defended_altar_orc, uniq_snorg
Elf:1:    layout_loops_corners, minmay_elf_crystal_hexagon

Skill      XL: |  1  2  3  4  5  6  7  8  9 10 11 12 |
---------------+-------------------------------------+-----
Invocations    | 1 2 3 4 5 6 7 8 |  8.3
Short Blades   | 1 2 3 4 5 6 7 |  7.6
Long Blades    | 1 2 3 4 5 6 7 |  7.6
Axes           | 1 2 3 4 5 6 7 |  7.6
Polearms       | 1 2 3 4 5 6 7 |  7.6
Staves         | 1 2 3 4 5 6 7 |  7.6
Slings         | 1 2 3 4 5 6 7 |  7.6
Bows           | 1 2 3 4 5 6 7 |  7.6
Crossbows      | 1 2 3 4 5 6 7 |  7.6
Throwing       | 1 2 3 4 5 6 7 |  7.6
Dodging        | 1 2 3 4 5 6 7 |  7.6
Stealth        | 1 2 3 4 5 6 7 |  7.6
Unarmed Combat | 1 2 3 4 5 6 7 |  7.6
Spellcasting   | 1 2 3 4 5 6 7 |  7.6
Evocations     | 1 2 3 4 5 6 7 |  7.6
Conjurations   | 1 2 3 4 5 6 |  6.3
Hexes          | 1 2 3 4 5 6 |  6.3
Charms         | 1 2 3 4 5 6 |  6.3
Summonings     | 1 2 3 4 5 6 |  6.3
Necromancy     | 1 2 3 4 5 6 |  6.3
Translocations | 1 2 3 4 5 6 |  6.3
Transmutations | 1 2 3 4 5 6 |  6.3
Fire Magic     | 1 2 3 4 5 6 |  6.3
Ice Magic      | 1 2 3 4 5 6 |  6.3
Air Magic      | 1 2 3 4 5 6 |  6.3
Earth Magic    | 1 2 3 4 5 6 |  6.3
Poison Magic   | 1 2 3 4 5 6 |  6.3
Maces & Flails | 5 6 7 8 9 |  9.0
Fighting       | 7 8 9 10 | 10.0
Armour         | 7 8 9 10 | 10.0
Shields        | 7 8 9 10 | 10.0

Action                   |  1- 3 |  4- 6 |  7- 9 | 10-12 || total
-------------------------+-------+-------+-------+-------++-------
Melee: Flail             |   103 |       |       |       ||   103
       Bite              |    47 |    19 |    49 |   162 ||   277
       Mace              |   124 |   148 |   372 |       ||   644
       Kick              |       |       |    26 |   171 ||   197
       Quarterstaff      |       |       |    19 |     5 ||    24
       Headbutt          |       |       |    18 |   281 ||   299
       Dire flail        |       |       |       |    94 ||    94
       Spear             |       |       |       |   874 ||   874
Throw: Dart              |       |       |       |     1 ||     1
Evoke: Box of beasts     |       |       |     1 |       ||     1
       Wand              |       |       |       |    10 ||    10
  Use: Scroll            |     1 |       |    13 |     7 ||    21
       Potion            |     1 |     3 |     1 |    15 ||    20
 Stab: Invisible         |       |       |     1 |       ||     1
       Petrified         |       |       |       |     3 ||     3
       Sleeping          |       |       |       |     2 ||     2
       Confused          |       |       |       |     1 ||     1
       Distracted        |       |       |       |     1 ||     1
       Petrifying        |       |       |       |     1 ||     1
  Eat: Ration            |     1 |     1 |     4 |     7 ||    13
       Chunk             |       |       |       |     2 ||     2
Armor: Scale mail        |     3 |       |       |   209 ||   212
       Chain mail        |    46 |    58 |       |       ||   104
       Plate armour      |       |     8 |   237 |   153 ||   398
Dodge: Dodged            |    32 |    33 |   108 |   408 ||   581
Block: Shield            |    59 |    89 |   276 |   557 ||   981
